AAA WEST
SALT LAKE BEES @ OKLAHOMA CITY DODGERS
08/05/2041
 
TOP OF THE 1ST
Salt Lake Bees batting - Pitching for Oklahoma City Dodgers : RHP Luis Negrete
Pitching: RHP Luis Negrete
Batting: LHB Randy O'Day 0-0: Called Strike
0-1: Ground out 6-3 (Groundball, 6M, EV 85.0 MPH)
Batting: RHB Joe Poole 0-0: Foul Ball, location: 2F
0-1: Ball
1-1: Foul Ball, location: 9LDF
1-2: Ball
2-2: Ball
3-2: Foul Ball, location: 9LMF
3-2: Foul Ball, location: 9LSF
3-2: Strikes out looking
Batting: LHB Dan Powers 0-0: Ball
1-0: Swinging Strike
1-1: Swinging Strike
1-2: Foul Ball, location: 9LMF
1-2: Ball
2-2: Foul Ball, location: 25FF
2-2: Ball
3-2: SOLO HOME RUN (Flyball, 78XD, EV 110.0 MPH), Distance : 406 ft
Batting: LHB Joe Taylor 0-0: Ball
1-0: Ball
2-0: Ball
3-0: Foul Ball, location: 7LMF
3-1: Called Strike
3-2: Fly out, F9 (Line Drive, 89D, EV 104.4 MPH)
Top of the 1st over - 1 run, 1 hit, 0 errors, 0 left on base; Salt Lake 1 - Oklahoma City 0
BOTTOM OF THE 1ST
Oklahoma City Dodgers batting - Pitching for Salt Lake Bees : RHP Claude Perry
Pitching: RHP Claude Perry
Batting: RHB Steve Kent 0-0: Ball
1-0: Ground out 3-1 (Groundball, 34, EV 91.3 MPH)
Batting: RHB Josh Dixon 0-0: Ball
1-0: Ball
2-0: Called Strike
2-1: Fly out, F6 (Popup, 6D, EV 50.0 MPH)
Batting: SHB Jim Harris 0-0: Called Strike
0-1: Swinging Strike
0-2: Ball
1-2: Foul Ball, location: 23FF
1-2: Strikes out looking
Bottom of the 1st over - 0 runs, 0 hits, 0 errors, 0 left on base; Salt Lake 1 - Oklahoma City 0
TOP OF THE 2ND
Salt Lake Bees batting - Pitching for Oklahoma City Dodgers : RHP Luis Negrete
Batting: RHB Chris Nichols 0-0: Ball
1-0: Foul Ball, location: 2F
1-1: SINGLE (Line Drive, 8RS, EV 81.9 MPH)
Batting: LHB Chris Smith 0-0: Fly out, F7 (Line Drive, 7LM, EV 90.6 MPH)
Batting: RHB Jorge Domínguez 0-0: Fly out, F4 (Popup, 4, EV 67.5 MPH)
Batting: RHB Randy Burrowes 0-0: Ball
1-0: Called Strike
1-1: Called Strike
1-2: Ball
2-2: Ball
3-2: Fly out, F7 (Flyball, 78M, EV 86.9 MPH)
Top of the 2nd over - 0 runs, 1 hit, 0 errors, 1 left on base; Salt Lake 1 - Oklahoma City 0
BOTTOM OF THE 2ND
Oklahoma City Dodgers batting - Pitching for Salt Lake Bees : RHP Claude Perry
Batting: RHB José Vázquez 0-0: Ball
1-0: Called Strike
1-1: Swinging Strike
1-2: Foul Ball, location: 3DF
1-2: Strikes out looking
Batting: RHB Oliver Gallego 0-0: Foul Ball, location: 7LDF
0-1: Ball
1-1: Ball
2-1: Ball
3-1: Foul Ball, location: 3F
3-2: Ground out 4-3 (Groundball, 4, EV 81.3 MPH)
Batting: RHB Jorge Sierra 0-0: Foul Ball, location: 25FF
0-1: SINGLE (Line Drive, 8LS, EV 103.8 MPH)
Pitching: RHP Willy Hernández
Batting: LHB Orlando Aponte 0-0: Called Strike
0-1: Ball
1-1: Ball
2-1: Ball
3-1: Foul Ball, location: 3DF
3-2: Base on Balls
Jorge Sierra to second
Batting: RHB Jonathan Robinson 0-0: Called Strike
0-1: Called Strike
0-2: Ball
1-2: Strikes out swinging
Bottom of the 2nd over - 0 runs, 1 hit, 0 errors, 2 left on base; Salt Lake 1 - Oklahoma City 0
TOP OF THE 3RD
Salt Lake Bees batting - Pitching for Oklahoma City Dodgers : RHP Luis Negrete
Batting: LHB Ed Rivera 0-0: Called Strike
0-1: Ball
1-1: Swinging Strike
1-2: Ball
2-2: Foul Ball, location: 2F
2-2: Strikes out swinging
Batting: LHB Randy O'Day 0-0: Ball
1-0: Ball
2-0: Fly out, F8 (Flyball, 8RM, EV 93.8 MPH)
Batting: RHB Joe Poole 0-0: Ball
1-0: Foul Ball, location: 2F
1-1: Reached on error, E8 (Flyball, 8RXD, EV 88.1 MPH)
Batting: LHB Dan Powers 0-0: Called Strike
0-1: Swinging Strike
0-2: Ball
1-2: Ball
2-2: Ball
3-2: Strikes out swinging
Top of the 3rd over - 0 runs, 0 hits, 1 error, 1 left on base; Salt Lake 1 - Oklahoma City 0
BOTTOM OF THE 3RD
Oklahoma City Dodgers batting - Pitching for Salt Lake Bees : RHP Willy Hernández
Batting: RHB Jesús Rodríguez 0-0: Foul Ball, location: 25F
0-1: Swinging Strike
0-2: Ball
1-2: Strikes out swinging
Batting: RHB Steve Kent 0-0: Swinging Strike
0-1: Ball
1-1: Ground out 6-3 (Groundball, 6, EV 98.1 MPH)
Batting: RHB Josh Dixon 0-0: Ball
1-0: Ball
2-0: Foul Ball, location: 3SF
2-1: Ball
3-1: Ground out 5-3 (Groundball, 5S, EV 68.8 MPH)
Bottom of the 3rd over - 0 runs, 0 hits, 0 errors, 0 left on base; Salt Lake 1 - Oklahoma City 0
TOP OF THE 4TH
Salt Lake Bees batting - Pitching for Oklahoma City Dodgers : RHP Luis Negrete
Batting: LHB Joe Taylor 0-0: Called Strike
0-1: Foul Ball, location: 7LSF
0-2: SINGLE (Line Drive, 9S, EV 106.9 MPH)
Batting: RHB Chris Nichols 0-0: Fly out, F9 (Flyball, 9, EV 101.9 MPH)
Batting: LHB Chris Smith 0-0: Ball
1-0: Foul Ball, location: 2F
1-1: Fly out, F8 (Flyball, 8LM, EV 98.8 MPH)
Batting: RHB Jorge Domínguez 0-0: Ball
1-0: Called Strike
1-1: Called Strike
Joe Taylor steals 2nd base
1-2: Strikes out looking
Top of the 4th over - 0 runs, 1 hit, 0 errors, 1 left on base; Salt Lake 1 - Oklahoma City 0
BOTTOM OF THE 4TH
Oklahoma City Dodgers batting - Pitching for Salt Lake Bees : RHP Willy Hernández
Batting: SHB Jim Harris 0-0: Swinging Strike
0-1: Ball
1-1: Swinging Strike
1-2: Ball
2-2: Ball
3-2: Base on Balls
Batting: RHB José Vázquez 0-0: Ball
1-0: Ball
2-0: Ball
3-0: Base on Balls
Jim Harris to second
Batting: RHB Oliver Gallego 0-0: Called Strike
0-1: Called Strike
0-2: Foul Ball, location: 2F
0-2: Ball
1-2: Ball
2-2: Strikes out swinging
Batting: SHB Tony Otero 0-0: Ball
1-0: Called Strike
1-1: SINGLE (Groundball, 34, EV 103.1 MPH)
Jim Harris to third
José Vázquez to second
Runner from 3rd tries for Home, SAFE, throw by RF to home
Batting: LHB Orlando Aponte 0-0: Foul Ball, location: 3F
0-1: Foul Ball, location: 3F
0-2: Ball
1-2: Ball
2-2: Ball
3-2: Base on Balls
José Vázquez to third
Tony Otero to second
Pinch Hitting: LHB Gilberto Hernández 0-0: Ball
1-0: Fly out, F6 (Popup, 6MS, EV 75.6 MPH)
Batting: RHB Jesús Rodríguez 0-0: Ball
1-0: Called Strike
1-1: Ball
2-1: Swinging Strike
2-2: Foul Ball, location: 7LSF
2-2: Strikes out looking
Bottom of the 4th over - 1 run, 1 hit, 0 errors, 3 left on base; Salt Lake 1 - Oklahoma City 1
TOP OF THE 5TH
Salt Lake Bees batting - Pitching for Oklahoma City Dodgers : RHP Luis Negrete
Now at 2B: Kieran Wright
Now at 3B: Orlando Aponte
Batting: RHB Randy Burrowes 0-0: Ball
1-0: Ball
2-0: Foul Ball, location: 9LDF
2-1: SINGLE (Groundball, 34D, EV 105.0 MPH)
Batting: LHB Ed Rivera 0-0: Foul Ball, location: 2RF
0-1: Foul Ball, location: 7LMF
0-2: Fly out, F9 (Flyball, 9D, EV 89.4 MPH)
Batting: LHB Randy O'Day 0-0: Ball
1-0: Swinging Strike
1-1: SINGLE (Groundball, 34S, EV 66.3 MPH) (infield hit)
Randy Burrowes to second
Batting: RHB Joe Poole 0-0: Ball
1-0: Called Strike
1-1: Ball
2-1: Foul Ball, location: 5DF
2-2: Ball
3-2: Strikes out swinging
Batting: LHB Dan Powers 0-0: Ball
1-0: Fly out, F9 (Flyball, 89S, EV 85.0 MPH)
Top of the 5th over - 0 runs, 2 hits, 0 errors, 2 left on base; Salt Lake 1 - Oklahoma City 1
BOTTOM OF THE 5TH
Oklahoma City Dodgers batting - Pitching for Salt Lake Bees : RHP Willy Hernández
Pitching: RHP Ken Davenport
Pinch Hitting: LHB Jorge Domínguez 0-0: Ball
1-0: Ball
2-0: Fly out, F4 (Popup, 4, EV 70.6 MPH)
Batting: RHB Josh Dixon 0-0: Ball
1-0: Foul Ball, location: 2F
1-1: Hit by Pitch
Pinch Runner at 1st Mal Williams:
Batting: SHB Jim Harris 0-0: Ball
Mal Williams steals 2nd base
1-0: Ball
2-0: Ball
3-0: Base on Balls
Batting: RHB José Vázquez 0-0: Ball
1-0: Fly out, F8 (Flyball, 8LXD, EV 110.0 MPH)
Runner from 2nd tags up, SAFE at 3rd, no throw by CF
Batting: RHB Oliver Gallego 0-0: Called Strike
0-1: Foul Ball, location: 9LSF
0-2: Ball
Jim Harris steals 2nd base
1-2: Foul Ball, location: 2F
1-2: Ball
2-2: Foul Ball, location: 5F
2-2: Fly out, F7 (Flyball, 7, EV 83.1 MPH)
Bottom of the 5th over - 0 runs, 0 hits, 0 errors, 2 left on base; Salt Lake 1 - Oklahoma City 1
TOP OF THE 6TH
Salt Lake Bees batting - Pitching for Oklahoma City Dodgers : RHP Luis Negrete
Now at 1B: Jim Coleman
Now in RF: Mal Williams
Batting: LHB Joe Taylor 0-0: Ball
1-0: Foul Ball, location: 2F
1-1: Ground out U3 (Groundball, 34, EV 80.0 MPH)
Batting: RHB Chris Nichols 0-0: Hit by Pitch
Batting: LHB Chris Smith 0-0: SINGLE (Line Drive, 6MD, EV 101.3 MPH)
Chris Nichols to second
Batting: RHB Jorge Domínguez 0-0: Foul Ball, location: 9LMFF
0-1: Ball
1-1: Foul Ball, location: 9LDF
1-2: Foul Ball, location: 3FF
1-2: Ball
2-2: Strikes out swinging
Pitching: RHP Alphonse Canalo
Batting: RHB Randy Burrowes 0-0: Foul Ball, location: 2F
0-1: Ball
1-1: Foul Ball, location: 2F
1-2: Ball
2-2: Ball
3-2: Strikes out looking
Top of the 6th over - 0 runs, 1 hit, 0 errors, 2 left on base; Salt Lake 1 - Oklahoma City 1
BOTTOM OF THE 6TH
Oklahoma City Dodgers batting - Pitching for Salt Lake Bees : RHP Ken Davenport
Batting: SHB Tony Otero 0-0: Ball
1-0: Foul Ball, location: 9LSF
1-1: DOUBLE (Line Drive, 3D, EV 99.4 MPH)
Batting: LHB Orlando Aponte 0-0: Called Strike
0-1: SINGLE (Line Drive, 9S, EV 88.8 MPH)
Tony Otero to third
Batting: LHB Kieran Wright 0-0: Grounds into double play, 6-4-3 (Groundball, 56, EV 104.4 MPH)
Batting: RHB Jesús Rodríguez 0-0: Ball
1-0: Called Strike
1-1: Ball
2-1: Called Strike
2-2: Strikes out swinging
Bottom of the 6th over - 0 runs, 2 hits, 0 errors, 1 left on base; Salt Lake 1 - Oklahoma City 1
TOP OF THE 7TH
Salt Lake Bees batting - Pitching for Oklahoma City Dodgers : RHP Alphonse Canalo
Batting: LHB Ed Rivera 0-0: Called Strike
0-1: Ball
1-1: SINGLE (Groundball, 13, EV 68.1 MPH) (infield hit)
Batting: LHB Randy O'Day 0-0: Bunted foul
0-1: Sac Bunt to 25 - play at second, runner OUT! 5-6
Batting: RHB Joe Poole 0-0: Ball
Randy O'Day steals 2nd base
1-0: Ball
2-0: Ball
3-0: Base on Balls
Batting: LHB Dan Powers 0-0: Ball
1-0: Ball
2-0: Called Strike
2-1: Called Strike
2-2: Ball
3-2: Strikes out swinging
Batting: LHB Joe Taylor 0-0: Ground out 4-3 (Groundball, 4, EV 106.9 MPH)
Top of the 7th over - 0 runs, 1 hit, 0 errors, 2 left on base; Salt Lake 1 - Oklahoma City 1
BOTTOM OF THE 7TH
Oklahoma City Dodgers batting - Pitching for Salt Lake Bees : RHP Ken Davenport
Batting: RHB Jim Coleman 0-0: Ground out 5-3 (Groundball, 56S, EV 79.4 MPH)
Batting: RHB Mal Williams 0-0: Called Strike
0-1: Ball
1-1: Ball
2-1: Ball
3-1: Ground out 5-3 (Groundball, 5S, EV 70.6 MPH)
Pitching: RHP Andy Dunn
Batting: SHB Jim Harris 0-0: Foul Ball, location: 7LMF
0-1: Foul Ball, location: 7LDF
0-2: Strikes out swinging
Bottom of the 7th over - 0 runs, 0 hits, 0 errors, 0 left on base; Salt Lake 1 - Oklahoma City 1
TOP OF THE 8TH
Salt Lake Bees batting - Pitching for Oklahoma City Dodgers : RHP Alphonse Canalo
Batting: RHB Chris Nichols 0-0: Ball
1-0: Ball
2-0: Ball
3-0: Called Strike
3-1: Foul Ball, location: 9LMF
3-2: Ground out 6-3 (Groundball, 56, EV 100.6 MPH)
Batting: LHB Chris Smith 0-0: Called Strike
0-1: Foul Ball, location: 2F
0-2: Ball
1-2: Foul Ball, location: 9LDF
1-2: Fly out, F8 (Flyball, 8RM, EV 80.0 MPH)
Batting: RHB Jorge Domínguez 0-0: Ball
1-0: Called Strike
1-1: Ball
2-1: Swinging Strike
2-2: Strikes out swinging
Top of the 8th over - 0 runs, 0 hits, 0 errors, 0 left on base; Salt Lake 1 - Oklahoma City 1
BOTTOM OF THE 8TH
Oklahoma City Dodgers batting - Pitching for Salt Lake Bees : RHP Andy Dunn
Batting: RHB José Vázquez 0-0: Swinging Strike
0-1: Ball
1-1: SINGLE (Line Drive, 3D, EV 95.6 MPH)
Batting: RHB Oliver Gallego 0-0: Ball
1-0: Foul Ball, location: 9LMF
1-1: Foul Ball, location: 9LSF
1-2: Strikes out swinging
Batting: SHB Tony Otero 0-0: Fly out, F7 (Flyball, 7S, EV 83.1 MPH)
Batting: LHB Orlando Aponte 0-0: Ball
1-0: Ball
José Vázquez steals 2nd base
2-0: Foul Ball, location: 5DF
2-1: Called Strike
2-2: Strikes out swinging
Bottom of the 8th over - 0 runs, 1 hit, 0 errors, 1 left on base; Salt Lake 1 - Oklahoma City 1
TOP OF THE 9TH
Salt Lake Bees batting - Pitching for Oklahoma City Dodgers : RHP Alphonse Canalo
Pinch Hitting: LHB Raúl Vásquez 0-0: Ground out 6-3 (Groundball, 6, EV 105.6 MPH)
Batting: LHB Ed Rivera 0-0: Swinging Strike
0-1: Foul Ball, location: 2F
0-2: Ball
1-2: Foul Ball, location: 2F
1-2: Strikes out swinging
Batting: LHB Randy O'Day 0-0: Swinging Strike
0-1: Ball
1-1: Ball
2-1: Foul Ball, location: 7LSF
2-2: Foul Ball, location: 2F
2-2: Fly out, F8 (Flyball, 8LD, EV 87.5 MPH)
Top of the 9th over - 0 runs, 0 hits, 0 errors, 0 left on base; Salt Lake 1 - Oklahoma City 1
BOTTOM OF THE 9TH
Oklahoma City Dodgers batting - Pitching for Salt Lake Bees : RHP Andy Dunn
Pitching: RHP Jonathan Miller
Now at C: Kevin Glover
Batting: LHB Kieran Wright 0-0: Fly out, F8 (Flyball, 8LD, EV 96.3 MPH)
Pinch Hitting: SHB Geoffrey Hurt 0-0: Ball
1-0: SINGLE (Groundball, 6, EV 110.6 MPH) (infield hit)
Batting: RHB Jim Coleman 0-0: Ball
1-0: Ball
2-0: Called Strike
2-1: Ball
3-1: Called Strike
3-2: Strikes out swinging
Batting: RHB Mal Williams 0-0: Ball
1-0: Ball
2-0: Ball
3-0: Called Strike
3-1: SINGLE (Groundball, 4MD, EV 95.6 MPH)
Geoffrey Hurt to second
Batting: SHB Jim Harris 0-0: Called Strike
0-1: Ball
1-1: Swinging Strike
1-2: Ball
2-2: Ball
3-2: Foul Ball, location: 5SF
3-2: Foul Ball, location: 7LDF
3-2: Strikes out swinging
Bottom of the 9th over - 0 runs, 2 hits, 0 errors, 2 left on base; Salt Lake 1 - Oklahoma City 1
TOP OF THE 10TH
Salt Lake Bees batting - Pitching for Oklahoma City Dodgers : RHP Alphonse Canalo
Pitching: LHP Don McKinney
Now at C: Edwin Carlton
Batting: RHB Joe Poole 0-0: SINGLE (Groundball, 6S, EV 67.5 MPH) (infield hit)
Pinch Hitting: RHB Greg Scott 0-0: Ball
Joe Poole is caught stealing 2nd base 2-4
1-0: Fly out, F3 (Popup, 3F, EV 55.0 MPH)
Pinch Hitting: RHB Danny Dodds 0-0: Called Strike
0-1: Ball
1-1: Fly out, F8 (Flyball, 8RD, EV 100.0 MPH)
Top of the 10th over - 0 runs, 1 hit, 0 errors, 0 left on base; Salt Lake 1 - Oklahoma City 1
BOTTOM OF THE 10TH
Oklahoma City Dodgers batting - Pitching for Salt Lake Bees : RHP Jonathan Miller
Now at 1B: Greg Scott
Now in LF: António Morales
Batting: RHB José Vázquez 0-0: Called Strike
0-1: Called Strike
0-2: SOLO HOME RUN (Flyball, 89XD, EV 96.3 MPH), Distance : 397 ft
Bottom of the 10th over - 1 run, 1 hit, 0 errors, 0 left on base; Salt Lake 1 - Oklahoma City 2
Monday, April 1st , 2024 - OOTP Baseball 24.10 Build 82